 Dungeon Crawl Stone Soup version 0.30-a0-149-g7f746667c4 (webtiles) character file.

Game seed: 1721097635934873697

176 LnG the Sneak (level 5, -2/29 HPs)
             Began as a Kobold Summoner on Sept 26, 2022.
             Killed by nerve-wracking pain
             ... invoked by Grinder
              (10 damage)
             ... on level 3 of the Dungeon.
             The game lasted 00:08:27 (2929 turns).

LnG the Sneak (Kobold Summoner)                     Turns: 2929, Time: 00:08:27

Health: -2/29      AC:  3    Str:  6    XL:     5   Next: 86%
Magic:  2/9        EV: 15    Int: 18    God:
Gold:   158        SH:  0    Dex: 15    Spells: 4/10 levels left

rFire   . . .      SeeInvis .    e - +0 short sword
rCold   . . .      Faith    .    (no shield)
rNeg    . . .      Spirit   .    a - +0 robe
rPois   .          Reflect  .    (no helmet)
rElec   .          Harm     .    (no cloak)
rCorr   .          Rampage  .    (no gloves)
Will    .....                    k - +0 pair of boots
Stlth   ++++......               (no amulet)
HPRegen 0.09/turn                (no ring)
MPRegen 0.11/turn                (no ring)

@: mighty, on berserk cooldown, flying, slowed, very slow
A: small, no large weapons, nightstalker 3
a: no special abilities


You were on level 3 of the Dungeon.
You visited 1 branch of the dungeon, and saw 3 of its levels.

You collected 158 gold pieces.

Inventory:

Hand Weapons
 e - a +0 short sword (weapon)
 h - a +0 dagger
Armour
 a - a +0 robe (worn)
 k - a +0 pair of boots (worn)
Scrolls
 o - a scroll of amnesia
Potions
 b - a potion of magic
 f - a potion of berserk rage
 g - a potion of flight
 j - a potion of heal wounds {unknown}
 l - a potion of haste {unknown}
 n - 2 potions of attraction {unknown}


   Skills:
 + Level 1.0 Fighting
 + Level 1.6 Short Blades
 + Level 3.0 Dodging
 * Level 5.2 Stealth
 + Level 0.2 Unarmed Combat
 + Level 3.1 Spellcasting
 + Level 4.7 Summonings


You had 4 spell levels left.
You knew the following spells:

 Your Spells              Type           Power      Damage    Failure   Level
a - Summon Small Mammal   Summ           76%        N/A       2%          1
b - Call Imp              Summ           19%        N/A       3%          2
c - Call Canine Familiar  Summ           19%        N/A       7%          3

Your spell library contained the following spells:

 Spells                   Type           Power      Damage    Failure   Level
 Beastly Appendage        Tmut           4%         N/A       16%         1
 Summon Guardian Golem    Hex/Summ       11%        N/A       19%         3
 Wereblood                Tmut           2%         N/A       24%         2
 Spider Form              Tmut/Pois      2%         N/A       43%         3
 Summon Lightning Spire   Summ/Air       11%        N/A       52%         4


Dungeon Overview and Level Annotations

Branches:
Dungeon (3/15)

Altars:
Qazlal

Annotations:
D:3 Grinder


Innate Abilities, Weirdness & Mutations

You are small and have problems with some larger weapons.
You are completely attuned to the shadows.


Message History

Grinder gestures at you.
You suddenly lose the ability to move!
Your hound bites Grinder.
Your hound bites Grinder but does no damage.
Grinder blinks!
Grinder gestures at you. You resist with significant effort.
Grinder gestures at you.
You shrug off the repeated paralysis!
You can move again.
You swap places.
Your hound bites Grinder but does no damage.
Grinder barely misses your hound.
Your hound misses Grinder. Grinder hits your hound.
Your hound bites Grinder.
Your hound closely misses Grinder.
Grinder gestures at your hound.
Your hound suddenly stops moving!
It was a potion of berserk rage.
A red film seems to cover your vision as you go berserk!
You feel yourself moving faster!
You feel mighty! Grinder hits your hound.
You feel a strong urge to attack something.
Grinder hits your hound.
Your hound writhes in agony.
Grinder completely misses your hound.
You feel your anger nearly subside.
You are no longer berserk.
You are exhausted.
You feel yourself slow down. Grinder gestures at your hound.
It was a potion of flight.
You feel very buoyant.
You fly up into the air.
Grinder gestures at your hound. Grinder hits your hound.
Your hound dies!
Your hound's corpse disappears in a puff of smoke!
Grinder barely misses you.
You barely miss Grinder.
Grinder is severely wounded.
Grinder gestures at you. Pain shoots through your body!
You die...

#.....####.......##...........
#.....####.......###....#...#.
........##.......#.##......#..
######.##.........###..#.....
#.##.......### ##.......
#.##.......# #### #.##.......#
#.########## #.##..5@...#
######.##.#####.#
.......##.#### .# #######
####.####....# 5# #......
#.......#.# .# #.####.
######.## . #.####. #...
#.#.... ##### #.#.##. #......


You could see Grinder.

Vanquished Creatures
  A nameless horror (D:3)
  Natasha (D:3)
  A gnoll (D:1)
  2 adders
  An endoplasm (D:1)
  A giant cockroach (D:1)
  A goblin (D:2)
  3 hobgoblins
  4 bats
  3 kobolds
  A rat (D:2)
19 creatures vanquished.

Vanquished Creatures (collateral kills)
  Natasha (twice) (D:3)
  An orc wizard (D:3)
  A gnoll (D:1)
  2 dart slugs (D:1)
  2 orcs (D:3)
  A ball python (D:1)
  2 bats (D:1)
  A giant cockroach (D:1)
  A goblin (D:1)
  2 hobgoblins
  3 kobolds
  A frilled lizard (D:2)
  A rat (D:1)
20 creatures vanquished.

Grand Total: 39 creatures vanquished

Notes
Turn   | Place    | Note
-------+----------+-------------------------------------------
     0 | D:1      | LnG the Kobold Summoner began the quest for the Orb.
     0 | D:1      | Reached XP level 1. HP: 10/10 MP: 3/3
   239 | D:1      | Reached skill level 3 in Stealth
   239 | D:1      | Reached XP level 2. HP: 10/15 MP: 3/5
   242 | D:1      | Learned a level 2 spell: Call Imp
   324 | D:1      | Found a faded altar of an unknown god.
  1175 | D:1      | Reached XP level 3. HP: 19/19 MP: 3/6
  1179 | D:1      | Learned a level 3 spell: Call Canine Familiar
  1641 | D:2      | Found a stormy altar of Qazlal.
  1842 | D:2      | Reached XP level 4. HP: 24/24 MP: 8/8
  2001 | D:2      | Reached skill level 4 in Stealth
  2163 | D:3      | Noticed a nameless horror
  2181 | D:3      | HP: 1/24 [nameless horror[miscasting Call Canine Familiar]
                  | (6)]
  2184 | D:3      | Killed a nameless horror
  2338 | D:3      | Noticed Natasha
  2347 | D:3      | Killed Natasha
  2439 | D:3      | Noticed Natasha
  2451 | D:3      | Killed Natasha
  2452 | D:3      | Reached skill level 1 in Short Blades
  2452 | D:3      | Reached XP level 5. HP: 5/28 MP: 4/9
  2655 | D:3      | Noticed Natasha
  2667 | D:3      | Killed Natasha
  2668 | D:3      | Reached skill level 5 in Stealth
  2719 | D:3      | Reached skill level 1 in Fighting
  2863 | D:3      | Noticed Grinder
  2864 | D:3      | Paralysed by Grinder for 3 turns
  2905 | D:3      | Paralysed by Grinder for 3 turns
  2913 | D:3      | Paralysed by Grinder for 3 turns
  2929 | D:3      | Killed from afar by Grinder

Illustrated notes

Levels and vault maps discovered:
D:1:      erik_arrival_blinker_ship, layout_loops_cross, basic_ecumenical_altar
D:2:      layout_rooms, basic_altar
D:3:      layout_loops_cross, chequers_temple_overflow_minitemple,
          minmay_misc_feat_plants, hangedman_decor_opposing, uniq_natasha,
          uniq_grinder, uniq_crazy_yiuf_cottage

Skill      XL: |  1  2  3  4  5 |
---------------+----------------+-----
Stealth        | 3 4 5 |  5.2
Short Blades   | 1 |  1.6
Spellcasting   | 3 |  3.1
Fighting       | 1 |  1.0
Dodging        | 3 |  3.0
Unarmed Combat | |  0.2
Summonings     | |  4.7

Action                   |  1- 3 |  4- 6 || total
-------------------------+-------+-------++-------
Melee: Unarmed           |    22 |       ||    22
       Short sword       |    10 |    11 ||    21
       Dagger            |    12 |    41 ||    53
       Punch             |       |     1 ||     1
 Cast: Summon Small Mamm |    12 |       ||    12
       Call Imp          |     7 |     4 ||    11
       Call Canine Famil |     3 |     9 ||    12
  Use: Scroll            |     1 |     2 ||     3
       Potion            |       |     5 ||     5
 Stab: Distracted        |     2 |       ||     2
       Sleeping          |     6 |     4 ||    10
Armor: Robe              |     6 |     9 ||    15
Dodge: Dodged            |    46 |    31 ||    77

Table legend: (Time is in decaauts)
 A = Elapsed time spent in this place.
 B = Non-inter-level travel time spent in this place.
 C = Inter-level travel time spent in this place.
 D = Time resting spent in this place.
 E = Time spent auto-exploring this place.
 F = Levels seen in this place.
 G = Mean time per level.
                   A        B        C        D        E       F      G
               +--------+--------+--------+--------+--------+-----+--------+
         Total |   2935 |   2879 |     56 |    865 |   1574 |   3 |  978.3 |
       Dungeon |   2935 |   2879 |     56 |    865 |   1574 |   3 |  978.3 |
               +--------+--------+--------+--------+--------+-----+--------+

Top non-repeatable levels by time:
     D:1: 1638 daAuts
     D:3: 830 daAuts
     D:2: 466 daAuts
